 Dungeon Crawl Stone Soup version 0.31-a0-355-g57cb03d3e8 (webtiles) character file.

Game seed: 12733953288622945937

3784 randomguy2701 the Cleaver (level 10, -1/86 HPs)
             Began as a Hill Orc Fighter on July 24, 2023.
             Was a Believer of Beogh.
             Slain by Grum
             ... wielding a +0 glaive of pain
              (2 damage)
             ... on level 9 of the Dungeon.
             The game lasted 00:27:55 (9832 turns).

randomguy2701 the Cleaver (Hill Orc Fighter)        Turns: 9832, Time: 00:27:56

Health: -1/86      AC: 15    Str: 30    XL:     10   Next: 16%
Magic:  10/10      EV:  8    Int:  8    God:    Beogh [**....]
Gold:   581        SH:  5    Dex: 10    Spells: 9/9 levels left

rFire   . . .        a - +0 war axe
rCold   . . .        c - +0 buckler
rNeg    . . .        x - +0 plate armour
rPois   .            (no helmet)
rElec   .            (no cloak)
rCorr   .            (no gloves)
SInv    .            q - +0 pair of boots
Will    .....        F - amulet of the acrobat Stlth
                     C - +6 ring of strength
HPRegen 0.34/turn    (no ring)
MPRegen 0.12/turn

%: acrobat
@: no status effects
A: no striking features
a: Renounce Religion, Smiting


You were on level 9 of the Dungeon.
You worshipped Beogh.
Beogh was pleased with you.
You visited 2 branches of the dungeon, and saw 10 of its levels.

You collected 581 gold pieces.

Inventory:

Hand Weapons
 a - a +0 war axe (weapon)
 r - a +1 antimagic dagger
 s - a +4 halberd
 H - a +0 broad axe
Missiles
 e - 2 throwing nets (quivered)
Armour
 b - a +0 scale mail
 c - a +0 buckler (worn)
 l - the +4 ring mail of the Stone Wall {Dex+2}
   (You took it off a kobold on level 2 of the Dungeon)

   Dex:       It affects your dexterity (+2).
 q - a +0 pair of boots (worn)
 x - a +0 plate armour (worn)
 I - +0 steam dragon scales
Jewellery
 C - a +6 ring of strength (left hand)
 E - a ring of wizardry
 F - an amulet of the acrobat (around neck)
 K - a ring of protection from fire
Wands
 m - a wand of iceblast (10)
 y - a wand of polymorph (8)
Scrolls
 f - 4 scrolls of enchant armour
 g - 2 scrolls of brand weapon {unknown}
 j - 2 scrolls of poison {unknown}
 n - a scroll of fear {unknown}
 o - a scroll of noise {unknown}
 t - a scroll of revelation {unknown}
 v - 3 scrolls of teleportation {unknown}
 w - a scroll of blinking {unknown}
 A - a scroll of butterflies {unknown}
 J - a scroll of enchant weapon {unknown}
Potions
 d - a potion of might
 h - 3 potions of brilliance
 i - a potion of experience {unknown}
 p - 3 potions of enlightenment
 u - 3 potions of cancellation
 z - a potion of degeneration {unknown}
 B - 3 potions of mutation
 D - a potion of heal wounds {unknown}
 G - a potion of resistance {unknown}


   Skills:
 + Level 7.6 Fighting
 + Level 12.7 Axes
 + Level 8.4 Armour
 + Level 2.2 Dodging
 + Level 0.9 Stealth
 + Level 5.6 Shields
 + Level 1.3 Unarmed Combat


You had 9 spell levels left.
You didn't know any spells.
Your spell library contained the following spells:

 Spells                   Type           Power      Damage    Failure   Level
 Gell's Gravitas          Tloc           0%         N/A       100%        3
 Teleport Other           Tloc           0%         N/A       100%        3
 Dispersal                Tloc           0%         N/A       100%        6


Dungeon Overview and Level Annotations

Branches:
Dungeon (9/15)             Temple (1/1) D:7             Orc (0/2) D:9
   Lair: D:8-11

Altars:
Ashenzari
Cheibriados
Dithmenos
Elyvilon
Fedhas
Gozag
Hepliaklqana
Kikubaaqudgha
Makhleb
Nemelex Xobeh
Okawaru
Qazlal
Ru
Trog
Uskayaw
Vehumet
Xom
Yredelemnul
Zin
The Shining One

Shops:
D:2 *   D:4 (   D:8 [

Annotations:
D:9 Grum, Harold


Message History

A howler monkey comes into view.
The howler monkey hoots and howls with incredible vigour!
The wolf bites you.
The howler monkey hoots and howls with incredible vigour!
Grum barely misses you.
You hear a howl! x2
You completely miss Grum.
Grum is moderately wounded.
The howler monkey howls!
You hit the wolf. The wolf bites you but does no damage.
The howler monkey hoots and howls with incredible vigour!
You block Grum's attack. The wolf closely misses you.
You hear a shout!
You hit Grum.
Grum is moderately wounded.
You hit the wolf.
You kill the wolf!
Beogh accepts your kill.
The howler monkey hoots and howls with incredible vigour!
Grum hits you with a +0 glaive of pain!
You hear a howl!
Your Unarmed Combat skill increases to level 1!
You hit Grum but do no damage.
Grum is moderately wounded.
Grum hits you with a +0 glaive of pain!
You writhe in agony.
You hit Grum.
Grum is heavily wounded.
Grum zaps a wand.
The puff of flame hits you!
The howler monkey hits you but does no damage.
You barely miss Grum.
Grum is heavily wounded.
You slash the howler monkey!
The howler monkey hits you but does no damage.
Grum hits you but does no damage.
You writhe in agony.
* * * LOW HITPOINT WARNING * * *
Grum attacks as you move away!
Grum hits you with a +0 glaive of pain!!
* * * LOW HITPOINT WARNING * * *
You writhe in agony.
You die...

....
#.##########
#.# .... ##.#
.# ..... #..# #
......#.##
......#.# #..##
#.).# #.#)###
#.h@).#
#....h8g....#
#...........#
#......h.......
..8....>....8..
#.............#
##...........##
#.....8.....#


You could see Grum and 3 howler monkeys.

Vanquished Creatures
  Maggie (D:7)
  Psyche (D:8)
  A troll (D:9)
  2 hornets
  A shadow (D:6)
  2 orc warriors
  2 sky beasts
  2 ogres
  An ice beast (D:8)
  2 wolves (D:9)
  2 kobold brigands
  A bullfrog (D:7)
  A scorpion (D:6)
  A gnoll sergeant (D:6)
  6 howler monkeys
  6 crimson imps (D:8)
  2 hounds
  An orc priest (D:7)
  Crazy Yiuf (D:3)
  2 gnoll boudas
  Ijyb (D:3)
  Jessica (D:3)
  8 orc wizards
  A sleepcap (D:6)
  3 iguanas
  A mummy (D:7)
  15 gnolls
  7 adders
  4 shadow imps
  3 white imps (D:8)
  5 ufetubi
  4 dart slugs
  23 orcs
  5 bats
  6 endoplasms
  A giant cockroach (D:1)
  7 goblins
  7 hobgoblins
  7 jackals
  2 quokkas
  7 ball pythons
  4 frilled lizards
  9 kobolds
  2 kobold zombies (D:7)
  2 orc zombies (D:7)
  5 rats
178 creatures vanquished.

Vanquished Creatures (others)
  An orc priest (D:6)
  An orc wizard (D:6)
2 creatures vanquished.

Grand Total: 180 creatures vanquished

Notes
Turn   | Place    | Note
-------+----------+-------------------------------------------
     0 | D:1      | randomguy2701 the Hill Orc Fighter began the quest for the
                  | Orb.
     0 | D:1      | Reached XP level 1. HP: 19/19 MP: 1/1
   141 | D:1      | Reached XP level 2. HP: 24/27 MP: 2/2
   268 | D:1      | Reached skill level 3 in Axes
   412 | D:1      | Reached XP level 3. HP: 14/33 MP: 3/3
   910 | D:2      | Found Singag's General Store.
   995 | D:2      | Identified the +4 ring mail of the Stone Wall {Dex+2}
  1003 | D:2      | Reached skill level 4 in Axes
  1004 | D:2      | Reached XP level 4. HP: 27/40 MP: 4/4
  1713 | D:3      | Noticed Ijyb
  1722 | D:3      | Reached skill level 1 in Dodging
  1739 | D:3      | Killed Ijyb
  1740 | D:3      | Reached XP level 5. HP: 31/46 MP: 5/5
  1812 | D:3      | Found a white marble altar of Elyvilon.
  1878 | D:3      | Reached skill level 5 in Axes
  1913 | D:3      | Noticed Jessica
  1925 | D:3      | Killed Jessica
  2232 | D:3      | Found a glowing drain.
  2412 | D:3      | Found a blossoming altar of Fedhas.
  2502 | D:3      | Found a runed translucent door.
  2503 | D:3      | Noticed Crazy Yiuf
  2733 | D:4      | Reached XP level 6. HP: 52/52 MP: 6/6
  2784 | D:4      | Found a hide-covered altar of Uskayaw.
  2785 | D:4      | Found a burning altar of Makhleb.
  2786 | D:4      | Found a radiant altar of Vehumet.
  2810 | D:4      | Found Xucits's Antique Weapon Shoppe.
  3516 | D:4      | Found a shadowy altar of Dithmenos.
  3620 | D:4      | Found a hazy altar of Hepliaklqana.
  3922 | D:4      | Reached skill level 6 in Axes
  4136 | D:5      | Entered Level 5 of the Dungeon
  4371 | D:5      | Reached skill level 5 in Armour
  4371 | D:5      | Reached XP level 7. HP: 35/60 MP: 7/7
  4564 | D:5      | Reached skill level 5 in Fighting
  4971 | D:6      | Reached skill level 7 in Axes
  5330 | D:6      | Reached XP level 8. HP: 50/69 MP: 8/8
  5341 | D:6      | Reached skill level 8 in Axes
  5343 | D:6      | Became a worshipper of Beogh the Brigand
  6242 | D:3      | Killed Crazy Yiuf
  6536 | D:7      | Noticed a shadow
  6671 | D:6      | Killed a shadow
  6672 | D:6      | Reached skill level 9 in Axes
  7173 | D:7      | Noticed Maggie
  7348 | D:7      | Found a staircase to the Ecumenical Temple.
  7366 | Temple   | Entered the Ecumenical Temple
  7579 | D:7      | Noticed a hornet
  7590 | D:7      | Killed a hornet
  7591 | D:7      | Reached XP level 9. HP: 78/78 MP: 9/9
  7601 | D:7      | Reached skill level 10 in Axes
  7626 | D:7      | Killed Maggie
  7814 | D:7      | Found a glowing silver altar of Zin.
  8291 | D:8      | Noticed a hornet
  8292 | D:8      | Paralysed by a hornet for 3 turns
  8299 | D:8      | Paralysed by a hornet for 1 turns
  8304 | D:8      | Killed a hornet
  8311 | D:8      | HP: 3/78 [poisoned by a hornet]
  8551 | D:8      | Noticed Psyche
  8644 | D:8      | Reached * piety under Beogh
  8650 | D:8      | Reached skill level 11 in Axes
  8746 | D:8      | Found Ysouly's Armour Shoppe.
  8749 | D:8      | Found a bloodstained altar of Trog.
  8866 | D:8      | Found an opulent altar of Gozag.
  9045 | D:9      | Noticed Harold
  9073 | D:8      | Reached skill level 5 in Shields
  9334 | D:8      | Paralysed by something for 2 turns
  9510 | D:8      | Killed Psyche
  9511 | D:8      | Reached skill level 12 in Axes
  9649 | D:9      | Noticed a troll
  9661 | D:9      | Killed a troll
  9662 | D:9      | Reached XP level 10. HP: 41/86 MP: 10/10
  9806 | D:9      | Found a staircase to the Orcish Mines.
  9815 | D:9      | Reached ** piety under Beogh
  9815 | D:9      | Noticed Grum
  9829 | D:9      | Reached skill level 1 in Unarmed Combat
  9832 | D:9      | HP: 1/86 [Grum/+0 glaive of pain (23)]
  9832 | D:9      | Slain by Grum

Illustrated notes

Levels and vault maps discovered:
D:1:      dpeg_arrival_three_smaller_balls, layout_loops_ring,
          nicolae_concentric_dashed_squares_mild,
          corexii_item_surrounded_by_moat, chequers_garden,
          chequers_mini_garden, st_stairs_12
D:2:      layout_basic, serial_shops, shop_statue, kennysheep_generic_room_14
D:3:      layout_loops_ring, fedhas_altar_2, overflow_temple_1_default,
          portal_sewer_entry_d, uniq_jessica, uniq_ijyb, uniq_crazy_yiuf_cottage
D:4:      layout_basic, lemuel_round_altar,
          chequers_temple_overflow_statue_of_worship,
          nicolae_hepliaklqana_hippocampus, serial_shops, shop_statue
D:5:      layout_cave_pools
D:6:      layout_loops_corners
D:7:      layout_basic, lemuel_crystal_altar, minmay_temple_entry_offerings,
          minmay_mini_ossuary, uniq_maggie
D:8:      layout_basic, mainiacjoe_overflow_alcove_1, grunt_gozag_statues,
          serial_shops, shop, hangedman_abyss_or_decor_stabs, minmay_nine_imps,
          uniq_psyche
D:9:      layout_cave_pods, mainiacjoe_overflow_surrounded_room,
          nicolae_overflow_hidden_temple, david_orc_2, serial_shops,
          kennysheep_mini, serial_column_ruins, column_ruins_hut_ruined,
          column_ruins_circle_small, column_ruins_columns_plus,
          column_ruins_open_small_water, column_ruins_open_tiny,
          column_ruins_corridor_corner, column_ruins_corridor_T, uniq_harold,
          uniq_grum
Temple:   hellmonk_temple_beads

Skill      XL: |  1  2  3  4  5  6  7  8  9 10 |
---------------+-------------------------------+-----
Axes           | 3 4 5 6 7 9 12 | 12.7
Fighting       | 4 5 6 7 |  7.6
Armour         | 4 5 7 8 |  8.4
Dodging        | 1 2 |  2.2
Shields        | 4 5 |  5.6
Unarmed Combat | 1 |  1.3
Stealth        | |  0.9

Action                     |  1- 3 |  4- 6 |  7- 9 | 10-12 || total
---------------------------+-------+-------+-------+-------++-------
  Melee: War axe           |    91 |   194 |   271 |    27 ||   583
         Broad axe         |       |       |    89 |       ||    89
         Dagger            |       |       |    16 |       ||    16
         Unarmed           |       |       |     9 |       ||     9
 Invoke: Convert to Beogh  |       |       |     1 |       ||     1
  Evoke: Wand              |       |       |     1 |       ||     1
    Use: Scroll            |       |       |     7 |       ||     7
         Potion            |       |       |     2 |       ||     2
 Armour: Scale mail        |    51 |    23 |       |       ||    74
         Ring mail         |       |   103 |       |       ||   103
         Plate armour      |       |       |   223 |    17 ||   240
         Skin              |       |       |     2 |       ||     2
  Dodge: Dodged            |    50 |   118 |   105 |    12 ||   285
  Block: Buckler           |    35 |    49 |    78 |     4 ||   166

Table legend: (Time is in decaauts)
 A = Elapsed time spent in this place.
 B = Non-inter-level travel time spent in this place.
 C = Inter-level travel time spent in this place.
 D = Time resting spent in this place.
 E = Time spent auto-exploring this place.
 F = Levels seen in this place.
 G = Mean time per level.
                   A        B        C        D        E       F      G
               +--------+--------+--------+--------+--------+-----+--------+
         Total |   9948 |   9211 |    737 |    306 |   6987 |  10 |  994.8 |
       Dungeon |   9789 |   9052 |    737 |    306 |   6987 |   9 | 1087.7 |
        Temple |    158 |    158 |      0 |      0 |      0 |   1 |  158.0 |
               +--------+--------+--------+--------+--------+-----+--------+

Top non-repeatable levels by time:
     D:3: 1756 daAuts
     D:6: 1734 daAuts
     D:8: 1285 daAuts
     D:7: 1226 daAuts
     D:4: 978 daAuts
     D:2: 948 daAuts
     D:1: 938 daAuts
     D:5: 736 daAuts
     D:9: 185 daAuts
  Temple: 158 daAuts
